[Event "*** Titled Tuesday Blitz"]
[Site "Chess.com"]
[Date "2020.05.19"]
[Round "4"]
[White "Gareth-Bale11"]
[Black "Chessmatus"]
[Result "1-0"]
[WhiteElo "2709"]
[BlackElo "2493"]
[TimeControl "180+1"]
[EndTime "12:43:30 PDT"]
[Termination "Gareth-Bale11 won by resignation"]

1. e4 e5 2. Nf3 Nc6 3. Bc4 Bc5 4. c3 Nf6 5. d4 exd4 6. e5 d5 7. Be2 Ne4 8. cxd4 Bb6 9. Be3 O-O 10. Nc3 Bf5 11.
Qb3 Nxc3 12. bxc3 Ba5 13. O-O Rb8 14. Rad1 h6 15. Nd2 Ne7 16. f4 Be6 17. Bf2 f5 18. exf6 Rxf6 19. g3 c6 20. Nf3 Nf5 21. g4 Nd6 22.
Bh4 Bxg4 23. Rde1 Ne4 24. Ne5 Bh3 25. Rf3 Bf5 26. Re3 Qd6 27. Bxf6 Qxf6 28. Bf3 Kh7 29. Qb2 Bb6 30. Kh1 Qh4 31. Qg2 Qxf4 32. Rg1 Rg8 33. Ree1 Ng5 34. Bh5 Be4 35. Rxe4 dxe4 36. Bg6+ Kh8 37.
Rf1 Rf8 38. Rxf4 Rxf4 39. h4 Rxh4+ 40. Kg1 Rf4 41. Qg3 Rf6 42. Kg2 e3 43. Qxe3 Bc7 44. Bh5 Ne6 45. Ng4 Nf4+ 46. Kg1 Rf8 47. Ne5 Nxh5 48.
Ng6+ Kg8 49. Nxf8 Kxf8 50. Qf3+ Nf6 51. Qf5 Kf7 52. Qf1 Bd6 53. Kg2 b5 54. Qd3 Ke6 55.
Qf3 Nd5 56. c4 bxc4 57. Qe2+ Kd7 58. Qg4+ Kc7 59. Qxg7+ Be7 60. Qxh6 c3 61. Kf1 c2 62.
Ke2 Ba3 63. Qh2+ Kb6 64. Qb8+ Ka6 65. Qc8+ Ka5 66. Qd8+ Kb5 67. Qb8+ Kc4 68. Qb3+ Kxd4 69. Qxc2 Nc3+ 70. Kf3 Nd5 71. Qe4+ Kc5 72. Qd3 Bb4 73.
Qc2+ Kd6 74. Kg4 a5 75. Kf3 a4 76. Qxa4 Bc5 77. Qb3 Bb6 78. Qd3 c5 79. Qg6+ Ke5 80.
Qh5+ Kd4 81. Qh6 c4 82. Qg7+ Kd3 83. Qg6+ Kd4 84. Qg7+ Kd3 85. Qe5 Nc3 86. Qd6+ Bd4 87.
a3 Nb5 88. Qg6+ Kc3 89. Qa6 Nc7 90. Qa5+ Kd3 91. Qxc7 c3 92. Qh7+ Kd2 93. Ke4 c2 94. Qh2+ Kd1 95. Kd3 Bc3 96. Qh1+ 1-0

[Event "*** Titled Tuesday Blitz"]
[Site "Chess.com"]
[Date "2020.05.19"]
[Round "4"]
[White "MergenKakabaev"]
[Black "MilanJeremic"]
[Result "1/2-1/2"]
[WhiteElo "2443"]
[BlackElo "2283"]
[TimeControl "180+1"]
[EndTime "12:43:39 PDT"]
[Termination "Game drawn - insufficient material"]

1. e4 c6 2. d4 d5 3. e5 a6 4. Be3 g6 5. h4 h5 6. Nf3 Bg4 7. Nbd2 e6 8. Be2 Bxf3 9. Nxf3 Nh6 10.
Ng5 Nf5 11. Bd3 Be7 12. Bxf5 gxf5 13. Qf3 c5 14. c3 cxd4 15. cxd4 Qa5+ 16. Kf1 Nc6 17. a3 Qb5+ 18. Qe2 Qxe2+ 19. Kxe2 Bxg5 20. hxg5 Kd7 21. Kd3 Ne7 22. Rh3 Ng6 23. g3 h4 24.
gxh4 Rxh4 25. Rxh4 Nxh4 26. Rh1 Rh8 27. Bd2 Ng6 28.
Rh6 b6 29. Kc3 Rc8+ 30. Kb3 Rc4 31. Bc3 a5 32. a4 Rc7 33. Kc2 Kc6 34. Kd2 Ra7 35.
Rh7 b5 36. b3 b4 37. Bb2 Rc7 38. Rg7 Nf4 39. Bc1 Kb7 40. Bb2 Ng6 41. Rg8 Nh4 42. Kd3 Nf3 43. g6 fxg6 44. Rxg6 Rc6 45. Rg7+ Kb6 46. Rg8 Ne1+ 47. Kd2 Nc2 48. Rg1 Na3 49. Bxa3 bxa3 50. Ra1 Rc7 51. Rxa3 Rh7 52. Ra1 Rh4 53.
Kd3 Rh3+ 54. Kc2 Rf3 55. Rf1 Rf4 56. Kc3 Rf3+ 57. Kd2 Rxb3 58. Rh1 Rb4 59. Kd3 Rxa4 60. Rh6 Ra3+ 61. Ke2 Kb5 62. Rxe6 Kc4 63. Rf6 Kxd4 64. e6 Ra2+ 65. Kf3 Ra1 66. Rxf5 Re1 67. Rf7 Rxe6 68.
Ra7 Rf6+ 69. Ke2 Re6+ 70. Kf1 Kd3 71. Rxa5 d4 72. Ra3+ Kc2 73. Ra2+ Kb3 74. Ra8 d3 75. Kg2 d2 76. Rd8 Kc2 77. Kg3 d1=Q 78. Rxd1 Kxd1 79. f4 Ke2 80. f5 Rf6 81. Kf4 Kd3 82. Ke5 Rf8 83. f6 Ra8 84. Ke6 Kd4 85. f7 Ra6+ 86.
Ke7 Ra7+ 87. Ke6 Ra8 88. Ke7 Ke5 89. f8=Q Rxf8 90. Kxf8 1/2-1/2

[Event "*** Titled Tuesday Blitz"]
[Site "Chess.com"]
[Date "2020.05.19"]
[Round "4"]
[White "RenanSoares1972"]
[Black "Hydrargyrum_Girl"]
[Result "0-1"]
[WhiteElo "2058"]
[BlackElo "2303"]
[TimeControl "180+1"]
[EndTime "12:44:46 PDT"]
[Termination "Hydrargyrum_Girl won on time"]

1. d4 Nf6 2. c4 g6 3. Nc3 Bg7 4. e4 d6 5. Nf3 O-O 6. Be2 Bg4 7. h3 Bxf3 8. Bxf3 c5 9. d5 Nbd7 10. O-O a6 11. Rb1 Rb8 12. b4 cxb4 13. Rxb4 Qa5 14. Qa4 Qxa4 15. Rxa4 Nc5 16. Rb4 Nfd7 17. Na4 Nxa4 18.
Rxa4 Nc5 19. Rb4 Bc3 20. Rb1 b5 21. Ba3 b4 22. Bb2 Na4 23. Bxc3 Nxc3 24. Rb3 Nxa2 25. Ra1 Nc3 26. Rxa6 Rfc8 27. Rc6 Rxc6 28. dxc6 Rc8 29. Rxb4 Rxc6 30. e5 Rc5 31. exd6 exd6 32. Kh2 h5 33. Kg3 Kg7 34. Rb7 Rxc4 35. Rd7 d5 36. Bxd5 Nxd5 37. Rxd5 Rc3+ 38. Kh2 Rc2 39. Kg3 Rc3+ 40. f3 Rc4 41.
Rd3 Kf6 42. Re3 Kf5 43. Ra3 g5 44. Ra5+ Kg6 45. Ra6+ f6 46. Ra8 h4+ 47. Kh2 Rc2 48. Ra5 Rb2 49. Rc5 Kg7 50. Rc7+ Kg6 51. Rc8 Re2 52.
Rg8+ Kf5 53. Rb8 Re5 54. Rf8 Rb5 55. Rd8 Ra5 56. Rc8 Ra6 57. Rc5+ Kg6 58. Rd5 Rb6 59.
Rc5 Re6 60. Rd5 Rc6 61. Rd3 Rc5 62. Rd4 Rb5 63. Rc4 Rd5 64. f4 Rf5 65. fxg5 fxg5 66. Rc6+ Rf6 67. Rc5 Re6 68. Rc4 Re5 69. Rc6+ Kf5 70.
Rc8 Ke4 71. Rg8 Kf4 72. Rf8+ Rf5 73. Re8 Re5 74. Rf8+ Rf5 75. Rb8 Ke5 76. Re8+ Kf6 77. Rf8+ Kg6 78. Rc8 Kf6 79. Rc6+ Ke5 80. Rc5+ Kf4 81.
Rc4+ Ke3 82. Rg4 Ke2 83. Ra4 Ke3 84. Rg4 Ke2 85. Re4+ Kd3 86. Rb4 Ke3 87. Ra4 Kd3 88.
Ra3+ Ke4 89. Ra4+ Ke5 90. Ra5+ Ke6 91. Ra4 Ke5 92. Kg1 Rf4 93. Ra5+ Kf6 94. Ra6+ Kf5 95. Ra5+ Kg6 96. Ra3 Rf6 97. Ra4 Kh5 98. Ra3 Rf4 99. Ra5 Rf6 100. Ra8 Kg6 101. Rg8+ Kf5 102. Ra8 Rg6 103. Ra5+ Kf4 104. Ra4+ Ke3 105. Ra3+ Kd2 106. Kf2 g4 107. hxg4 Rxg4 108. Ra2+ Kd3 109. Kf3 Rg3+ 110. Kf4 Rg8 111. Ra3+ Ke2 112. Ra2+ Kf1 113. Kf3 Kg1 0-1

[Event "*** Titled Tuesday Blitz"]
[Site "Chess.com"]
[Date "2020.05.19"]
[Round "5"]
[White "Gerasimenyuk_Miha"]
[Black "DraG0s3L"]
[Result "1-0"]
[WhiteElo "2376"]
[BlackElo "2510"]
[TimeControl "180+1"]
[EndTime "12:51:50 PDT"]
[Termination "Gerasimenyuk_Miha won by resignation"]

1. d4 Nf6 2. Nf3 e6 3. Bg5 d5 4. e3 Be7 5. Nbd2 O-O 6. Bd3 c5 7. c3 Nc6 8. h4 a6 9. Bxf6 Bxf6 10. Bxh7+ Kxh7 11. Ng5+ Kh6 12. f4 g6 13. h5 Rh8 14.
Nxf7+ Kg7 15. Nxd8 Bxd8 16. Qg4 1-0

[Event "*** Titled Tuesday Blitz"]
[Site "Chess.com"]
[Date "2020.05.19"]
[Round "5"]
[White "CaspiIsrael"]
[Black "GigaQuparadze"]
[Result "0-1"]
[WhiteElo "2605"]
[BlackElo "2860"]
[TimeControl "180+1"]
[EndTime "12:52:00 PDT"]
[Termination "GigaQuparadze won by resignation"]

1. e4 e6 2. d4 d5 3. Nd2 c5 4. Ngf3 cxd4 5. Nxd4 Nc6 6. Bb5 Bd7 7. Nxc6 bxc6 8.
Bd3 g6 9. O-O Bg7 10. c4 Ne7 11. exd5 cxd5 12. Rb1 O-O 13. b3 dxc4 14. Nxc4 Nd5 15.
Qf3 Nc3 16. Rb2 Bc6 17. Qxc6 Qxd3 18. Rd2 Ne2+ 19. Kh1 Ng3+ 20. hxg3 Qxf1+ 21. Kh2 Qxc1 0-1

[Event "*** Titled Tuesday Blitz"]
[Site "Chess.com"]
[Date "2020.05.19"]
[Round "5"]
[White "Rakesh"]
[Black "WildTricks"]
[Result "0-1"]
[WhiteElo "2366"]
[BlackElo "2536"]
[TimeControl "180+1"]
[EndTime "12:52:22 PDT"]
[Termination "WildTricks won by resignation"]

1. e4 e5 2. d4 exd4 3. Qxd4 Nc6 4. Qe3 Nf6 5. Nc3 g6 6. Bd2 Bg7 7. O-O-O O-O 8. f3 Re8 9. g4 d5 10. g5 d4 11. Qf2 Ng4 12. fxg4 dxc3 13. Bxc3 Qxg5+ 14. Kb1 Bxc3 0-1

[Event "*** Titled Tuesday Blitz"]
[Site "Chess.com"]
[Date "2020.05.19"]
[Round "5"]
[White "IIIlllII1llIl"]
[Black "Camels1981"]
[Result "1-0"]
[WhiteElo "2639"]
[BlackElo "2349"]
[TimeControl "180+1"]
[EndTime "12:52:27 PDT"]
[Termination "IIIlllII1llIl won by resignation"]

1. e4 c5 2. c3 d5 3. exd5 Qxd5 4. d4 Nc6 5. Nf3 Bf5 6. Be2 e6 7. O-O cxd4 8. cxd4 Bxb1 9. Rxb1 Nf6 10. b4 Bd6 11. b5 Ne7 12. Rb3 O-O 13. Bb2 Nf5 14.
Ne5 Rac8 15. Bf3 Ne4 16. Re1 Bxe5 17. Bxe4 Bxh2+ 18. Kxh2 Qd6+ 1-0

[Event "*** Titled Tuesday Blitz"]
[Site "Chess.com"]
[Date "2020.05.19"]
[Round "5"]
[White "lelya96"]
[Black "eightbyeightchess"]
[Result "0-1"]
[WhiteElo "2256"]
[BlackElo "2526"]
[TimeControl "180+1"]
[EndTime "12:52:36 PDT"]
[Termination "eightbyeightchess won by resignation"]

1. e4 d5 2. exd5 Nf6 3. Nf3 Bg4 4.
d4 Qxd5 5. Be2 Nc6 6. c4 Qh5 7. Be3 O-O-O 8. O-O e5 9. d5 e4 10. Nbd2 exf3 11. gxf3 Bd6 0-1

[Event "*** Titled Tuesday Blitz"]
[Site "Chess.com"]
[Date "2020.05.19"]
[Round "5"]
[White "Karina_Ivanova"]
[Black "Kopytkin"]
[Result "1/2-1/2"]
[WhiteElo "2208"]
[BlackElo "2343"]
[TimeControl "180+1"]
[EndTime "12:52:53 PDT"]
[Termination "Game drawn by repetition"]

1. Nf3 d5 2. g3 c5 3. d4 Nf6 4. Bg2 Nc6 5. O-O e6 6. c4 cxd4 7. Nxd4 Bc5 8. Nb3 Be7 9. Nc3 dxc4 10. Qxd8+ Bxd8 11. Nd2 Ne5 12. f4 Bb6+ 13. Kh1 Neg4 14.
Nxc4 Nf2+ 15. Kg1 Nh3+ 16. Kh1 Nf2+ 17. Kg1 Nh3+ 18. Kh1 Nf2+ 1/2-1/2

[Event "*** Titled Tuesday Blitz"]
[Site "Chess.com"]
[Date "2020.05.19"]
[Round "5"]
[White "Hydrargyrum_Girl"]
[Black "bmt011"]
[Result "1-0"]
[WhiteElo "2308"]
[BlackElo "2045"]
[TimeControl "180+1"]
[EndTime "12:52:53 PDT"]
[Termination "Hydrargyrum_Girl won by resignation"]

1. d4 Nf6 2. Nc3 e6 3. e4 d5 4.
Bg5 Bb4 5. e5 h6 6. Bd2 Bxc3 7.
Bxc3 Ne4 8. Bb4 c5 9. Bxc5 Nxc5 10. dxc5 Qa5+ 11. c3 Qxc5 12. Qd4 Qc7 13. Nf3 Bd7 14.
Bd3 Nc6 15. Qe3 Na5 16. O-O a6 17. Nd4 O-O 18. b3 Qxc3 19. Bh7+ 1-0

[Event "*** Titled Tuesday Blitz"]
[Site "Chess.com"]
[Date "2020.05.19"]
[Round "5"]
[White "aa175"]
[Black "CuattroPrincesses"]
[Result "1-0"]
[WhiteElo "2430"]
[BlackElo "2247"]
[TimeControl "180+1"]
[EndTime "12:52:55 PDT"]
[Termination "aa175 won by resignation"]

1. d4 Nf6 2. Bf4 g6 3. e3 Bg7 4. Nf3 O-O 5. Be2 d6 6. O-O c5 7. c3 b6 8. Nbd2 Bb7 9. a4 a6 10. Re1 Nbd7 11. Bf1 Qc7 12. e4 cxd4 13. cxd4 Rac8 14.
e5 dxe5 15. dxe5 Nd5 16. Bg3 e6 17. Ne4 Nxe5 18. Nxe5 Bxe5 19. Nf6+ Bxf6 20. Bxc7 Rxc7 21. Rc1 Rfc8 22. Rxc7 Rxc7 23. Qb3 1-0

[Event "*** Titled Tuesday Blitz"]
[Site "Chess.com"]
[Date "2020.05.19"]
[Round "5"]
[White "Xtrmntr78"]
[Black "RenanSoares1972"]
[Result "1-0"]
[WhiteElo "2363"]
[BlackElo "2056"]
[TimeControl "180+1"]
[EndTime "12:53:08 PDT"]
[Termination "Xtrmntr78 won by resignation"]

1. c4 Nf6 2. Nc3 g6 3. e4 d6 4. d4 Bg7 5. f4 O-O 6. Nf3 c5 7. d5 b5 8. cxb5 a6 9. a4 axb5 10. Bxb5 Ba6 11. Qe2 Qb6 12. O-O Bxb5 13. Nxb5 Na6 14. Bd2 Nc7 15. Nxc7 Qxc7 16. Bc3 Rfb8 17. Rfd1 Nd7 18. e5 Nb6 19. a5 Nd7 20. e6 Nf8 21.
exf7+ Kxf7 22. Ng5+ Kg8 23. Bxg7 Kxg7 24. Qe6 1-0

[Event "*** Titled Tuesday Blitz"]
[Site "Chess.com"]
[Date "2020.05.19"]
[Round "5"]
[White "Machidon"]
[Black "Kezin_Roman"]
[Result "0-1"]
[WhiteElo "2553"]
[BlackElo "2752"]
[TimeControl "180+1"]
[EndTime "12:53:11 PDT"]
[Termination "Kezin_Roman won by resignation"]

1. d4 d5 2. Nf3 Nf6 3. c4 e6 4. Nc3 c6 5. e3 Nbd7 6. Qc2 Bd6 7. b3 O-O 8. Be2 e5 9. cxd5 cxd5 10. dxe5 Nxe5 11. O-O Be6 12. Bb2 Rc8 13. Rac1 Nfg4 14. Nxe5 Bxe5 15. h3 Bh2+ 16. Kh1 Bb8 17. Qd1 Qd6 18. g3 Nxe3 19. fxe3 Qxg3 20. Rf2 Qxf2 21. Qg1 Qxg1+ 22. Rxg1 Be5 0-1

[Event "*** Titled Tuesday Blitz"]
[Site "Chess.com"]
[Date "2020.05.19"]
[Round "5"]
[White "ecwinslow"]
[Black "lrestevez"]
[Result "1-0"]
[WhiteElo "2203"]
[BlackElo "2023"]
[TimeControl "180+1"]
[EndTime "12:53:12 PDT"]
[Termination "ecwinslow won by resignation"]

1. e4 e5 2. Nf3 Nc6 3. d4 exd4 4. Nxd4 Bc5 5. Nxc6 Qf6 6. Qf3 dxc6 7. Bc4 Qxf3 8. gxf3 Ne7 9. h4 Be6 10. Bxe6 fxe6 11. Be3 Bxe3 12. fxe3 O-O 13. Ke2 Ng6 14. f4 e5 15.
f5 Ne7 16. Nd2 Rad8 17. Nf3 Rfe8 18. Rhg1 Kf8 19. Ng5 Kg8 20. Ne6 Rd7 21. Rxg7+ Kh8 22.
Rag1 1-0

[Event "*** Titled Tuesday Blitz"]
[Site "Chess.com"]
[Date "2020.05.19"]
[Round "5"]
[White "OhanyanEminChess"]
[Black "ChEsper99"]
[Result "0-1"]
[WhiteElo "2436"]
[BlackElo "2063"]
[TimeControl "180+1"]
[EndTime "12:53:13 PDT"]
[Termination "ChEsper99 won by checkmate"]

1. e4 c5 2. Nf3 d6 3. d4 cxd4 4. Nxd4 Nf6 5. Nc3 a6 6. Bc4 Nbd7 7. f4 e6 8. Bb3 Nc5 9. f5 Ncxe4 10. Nxe4 Nxe4 11.
fxe6 Qh4+ 12. g3 Nxg3 13. Nf3 Qe4+ 14. Kd2 Nxh1 15. exf7+ Kd8 16. Qxh1 Bg4 17. Qg1 Qxf3 18. Qb6+ Kc8 19. Ke1 Qe2# 0-1

[Event "*** Titled Tuesday Blitz"]
[Site "Chess.com"]
[Date "2020.05.19"]
[Round "5"]
[White "Mitronych"]
[Black "Szczor"]
[Result "1-0"]
[WhiteElo "2463"]
[BlackElo "2621"]
[TimeControl "180+1"]
[EndTime "12:53:15 PDT"]
[Termination "Mitronych won by resignation"]

1. e4 c5 2. Nf3 d6 3. d4 cxd4 4. Nxd4 Nf6 5. Nc3 a6 6. f4 e6 7.
Qf3 Nbd7 8. g4 h6 9. h4 Be7 10. g5 hxg5 11. hxg5 Rxh1 12. Qxh1 Ng8 13. Qh8 Kf8 14. Be3 Qc7 15. O-O-O b5 16. Bd3 b4 17.
Nce2 Nc5 18. Kb1 Bb7 19. Rh1 Bxe4 20. Bxe4 Nxe4 21. Rh7 1-0

[Event "*** Titled Tuesday Blitz"]
[Site "Chess.com"]
[Date "2020.05.19"]
[Round "5"]
[White "Salem-AR"]
[Black "fodorpoti"]
[Result "1-0"]
[WhiteElo "3046"]
[BlackElo "2759"]
[TimeControl "180+1"]
[EndTime "12:53:19 PDT"]
[Termination "Salem-AR won by resignation"]

1. d4 d5 2. c4 e6 3. Nc3 c6 4.
Nf3 dxc4 5. e4 b5 6. a4 Bb4 7. Be2 Bb7 8. O-O a6 9. e5 Ne7 10. Ne4 Nd7 11. Bd2 Bxd2 12. Nd6+ Kf8 13. Qxd2 Qc7 14.
Ng5 Nf5 15. Ndxf7 Ke7 16. Nxh8 Rxh8 17. Bg4 Nf8 18. axb5 axb5 19. Ra7 1-0

[Event "*** Titled Tuesday Blitz"]
[Site "Chess.com"]
[Date "2020.05.19"]
[Round "5"]
[White "Konovalova_Vera"]
[Black "KanseiMigatte"]
[Result "0-1"]
[WhiteElo "2154"]
[BlackElo "2407"]
[TimeControl "180+1"]
[EndTime "12:53:23 PDT"]
[Termination "KanseiMigatte won by resignation"]

1. d4 e6 2. Nf3 d5 3. e3 c5 4. b3 Nc6 5. Bd3 cxd4 6. exd4 Nf6 7. Bb2 Bd6 8. Nbd2 O-O 9. O-O a6 10. a3 b5 11. Ne5 Qc7 12. Ndf3 Nd7 13. Nxd7 Bxd7 14.
Bxh7+ Kxh7 15. Ng5+ Kg6 16. Qg4 f5 17. Qh4 Rh8 0-1

[Event "*** Titled Tuesday Blitz"]
[Site "Chess.com"]
[Date "2020.05.19"]
[Round "5"]
[White "Majesth"]
[Black "marszach123"]
[Result "1-0"]
[WhiteElo "2462"]
[BlackElo "2199"]
[TimeControl "180+1"]
[EndTime "12:53:36 PDT"]
[Termination "Majesth won by checkmate"]

1. d4 Nf6 2. Nc3 d5 3. Bf4 c5 4. e3 e6 5. Nb5 Na6 6. Nf3 Be7 7. Be2 Nh5 8. Be5 f6 9. Nh4 fxe5 10. Bxh5+ g6 11.
Bxg6+ hxg6 12. Nxg6 Rh6 13. Nxe5 Bd7 14. Qg4 Bxb5 15.
Qg8+ Bf8 16. Qf7# 1-0

[Event "*** Titled Tuesday Blitz"]
[Site "Chess.com"]
[Date "2020.05.19"]
[Round "5"]
[White "csati17"]
[Black "12teen"]
[Result "1-0"]
[WhiteElo "2568"]
[BlackElo "2729"]
[TimeControl "180+1"]
[EndTime "12:53:39 PDT"]
[Termination "csati17 won by resignation"]

1. c4 b6 2. Nc3 Bb7 3. e4 e6 4. g3 f5 5. Bg2 Nf6 6. Nge2 fxe4 7. d3 Bb4 8. O-O Bxc3 9. Nxc3 d5 10. dxe4 d4 11. Nb5 c5 12. e5 Bxg2 13. Kxg2 a6 14.
Nd6+ Kf8 15. Qf3 Ra7 16. Ne4 Rf7 17. Ng5 Re7 18. exf6 gxf6 19. Qxf6+ Ke8 20. Qxh8+ 1-0

[Event "*** Titled Tuesday Blitz"]
[Site "Chess.com"]
[Date "2020.05.19"]
[Round "5"]
[White "Kostya26"]
[Black "Klaus1995"]
[Result "1-0"]
[WhiteElo "2360"]
[BlackElo "1803"]
[TimeControl "180+1"]
[EndTime "12:53:39 PDT"]
[Termination "Kostya26 won by resignation"]

1. e4 c5 2. Nf3 d6 3. Bb5+ Bd7 4. Bxd7+ Nxd7 5. c4 e6 6. Nc3 Ngf6 7. d4 cxd4 8. Nxd4 Be7 9. O-O O-O 10. b3 a6 11. Be3 Rc8 12. Rc1 Qa5 13. Qd2 Nc5 14. Nd5 Qd8 15. Nxe7+ Qxe7 16. f3 d5 17.
cxd5 exd5 18. Nf5 Qe6 19. Bxc5 Rxc5 20. Rxc5 Qb6 21. Qf2 dxe4 22. Ne7+ Kh8 23. Nd5 Nxd5 24. Rxd5 e3 25. Qe2 Re8 26. Re1 h6 27. f4 Re4 28.
Rd3 Rxf4 29. Rxe3 Qb4 30. Qd3 Qa3 31. Re8+ 1-0

[Event "*** Titled Tuesday Blitz"]
[Site "Chess.com"]
[Date "2020.05.19"]
[Round "5"]
[White "Kensei26"]
[Black "wild_cat99"]
[Result "0-1"]
[WhiteElo "2257"]
[BlackElo "2555"]
[TimeControl "180+1"]
[EndTime "12:53:42 PDT"]
[Termination "wild_cat99 won by resignation"]

1. e4 c5 2. Nc3 e6 3. Nf3 a6 4. d4 cxd4 5. Nxd4 d6 6. Be3 Nf6 7. f3 b5 8. Qd2 Nbd7 9. g4 Nb6 10. a4 b4 11. Na2 d5 12. e5 Nfd7 13. f4 Nc5 14. Qg2 Bb7 15. a5 Nc4 16. Bf2 Nxb2 17. Nxb4 Ne4 18. Nbc6 Bxc6 19. Nxc6 Qc7 20. Rb1 Qxc6 21. c4 Bb4+ 22. Ke2 Nc3+ 23. Kf3 Nxb1 24. Kg3 Nd2 25. Be2 Ne4+ 26. Kh3 Nc3 27. Bf3 Nd3 28.
cxd5 Nxf4+ 29. Kg3 Qc4 30. Qg1 Nce2+ 0-1

[Event "*** Titled Tuesday Blitz"]
[Site "Chess.com"]
[Date "2020.05.19"]
[Round "5"]
[White "Maksimus1998"]
[Black "Jagerrmeisterr"]
[Result "0-1"]
[WhiteElo "2445"]
[BlackElo "2663"]
[TimeControl "180+1"]
[EndTime "12:53:44 PDT"]
[Termination "Jagerrmeisterr won by resignation"]

1. c4 f5 2. d4 Nf6 3. Nc3 e6 4. e3 d5 5. Bd3 c6 6. Nge2 Bd6 7.
f3 Qe7 8. Qc2 dxc4 9. Bxc4 e5 10. O-O Nbd7 11. Qxf5 Nb6 12. Qd3 Nxc4 13. Qxc4 Be6 14.
Qa4 O-O 15. dxe5 Bxe5 16. e4 Qc5+ 17. Kh1 Ng4 18. f4 Nf2+ 19. Rxf2 Qxf2 20. fxe5 Bh3 21. gxh3 Qf3+ 0-1

[Event "*** Titled Tuesday Blitz"]
[Site "Chess.com"]
[Date "2020.05.19"]
[Round "5"]
[White "Patolindo"]
[Black "Sesleria"]
[Result "1-0"]
[WhiteElo "2116"]
[BlackElo "1935"]
[TimeControl "180+1"]
[EndTime "12:53:44 PDT"]
[Termination "Patolindo won by resignation"]

1. d4 d5 2. c4 c6 3. Nc3 Nf6 4. Nf3 e6 5. e3 Nbd7 6. Qc2 Bd6 7.
Rg1 Qe7 8. g4 h6 9. h4 dxc4 10.
Bxc4 e5 11. g5 hxg5 12. hxg5 exd4 13. gxf6 Qxf6 14. Nxd4 Ne5 15. Ne4 Nf3+ 16. Nxf3 Qxf3 17. Nxd6+ 1-0

[Event "*** Titled Tuesday Blitz"]
[Site "Chess.com"]
[Date "2020.05.19"]
[Round "5"]
[White "GoldenShare"]
[Black "dopolian"]
[Result "1-0"]
[WhiteElo "2616"]
[BlackElo "2352"]
[TimeControl "180+1"]
[EndTime "12:53:47 PDT"]
[Termination "GoldenShare won by resignation"]

1. e4 e5 2. Nf3 Nc6 3. Bc4 Bc5 4. O-O Nf6 5. d4 Bxd4 6. Nxd4 Nxd4 7. f4 d6 8. fxe5 dxe5 9. Bg5 Be6 10. Na3 Qe7 11. Kh1 O-O-O 12. c3 Bxc4 13. Nxc4 Ne6 14. Bxf6 gxf6 15.
Qf3 Qc5 16. Ne3 Ng5 17. Qf5+ Kb8 18. Nd5 Ne6 19. Qxf6 c6 20. Qxe5+ Ka8 21. Nc7+ Kb8 22. Na6+ 1-0

[Event "*** Titled Tuesday Blitz"]
[Site "Chess.com"]
[Date "2020.05.19"]
[Round "5"]
[White "Isajevsky_Anton"]
[Black "AlexVanGog"]
[Result "0-1"]
[WhiteElo "2419"]
[BlackElo "2662"]
[TimeControl "180+1"]
[EndTime "12:53:54 PDT"]
[Termination "AlexVanGog won by resignation"]

1. c4 e6 2. Nf3 Nf6 3. g3 d5 4.
Bg2 dxc4 5. Qa4+ Nbd7 6. Qxc4 a6 7. O-O b5 8. Qc2 Bb7 9. b3 Bd6 10. Bb2 O-O 11. d3 c5 12. Nbd2 Qb6 13. Rac1 Rac8 14. Qb1 h6 15. Qa1 Rfe8 16. a3 Bf8 17. Rfd1 Qa7 18. Bf1 Qa8 19. Ne5 Nxe5 20. Bxe5 Nd7 21. Bb2 e5 22. Ne4 Bd5 23. Nd2 Qb7 24. Qb1 Nf6 25. Bc3 Nd7 26. Qb2 b4 27. axb4 cxb4 0-1

[Event "*** Titled Tuesday Blitz"]
[Site "Chess.com"]
[Date "2020.05.19"]
[Round "5"]
[White "kintoho"]
[Black "RichardShtivelband"]
[Result "0-1"]
[WhiteElo "2428"]
[BlackElo "2295"]
[TimeControl "180+1"]
[EndTime "12:53:56 PDT"]
[Termination "RichardShtivelband won by resignation"]

1. e4 e5 2. Nf3 Nc6 3. Nc3 Nf6 4. a3 g6 5. d4 exd4 6. Nxd4 Bg7 7. Nxc6 bxc6 8.
Bc4 O-O 9. O-O d6 10. f3 Rb8 11. Rb1 Be6 12. Bxe6 fxe6 13. Be3 c5 14. Qe2 Nd7 15.
Qc4 Qe7 16. Rfd1 Ne5 17. Qe2 Nc6 18. Bd2 Nd4 19. Qd3 Rf7 20. b3 Rbf8 21. Ne2 Nxf3+ 22.
gxf3 Rxf3 23. Qa6 Qh4 24. Rf1 Qg4+ 25. Ng3 Rxg3+ 26. hxg3 Qxg3+ 27. Kh1 Qh3+ 28. Kg1 Bd4+ 29. Rf2 0-1

[Event "*** Titled Tuesday Blitz"]
[Site "Chess.com"]
[Date "2020.05.19"]
[Round "5"]
[White "martabartel"]
[Black "Luibov_AN"]
[Result "1-0"]
[WhiteElo "2315"]
[BlackElo "2075"]
[TimeControl "180+1"]
[EndTime "12:54:10 PDT"]
[Termination "martabartel won by resignation"]

1. d4 g6 2. c4 Bg7 3. Nc3 c5 4. d5 e5 5. e4 d6 6. Be2 Nf6 7. h4 h6 8. Be3 O-O 9. g4 Nh7 10.
Qd2 g5 11. hxg5 hxg5 12. Rh5 f6 13. O-O-O Re8 14. Bf3 Nf8 15. Nge2 a6 16. Rdh1 Bd7 17. Ng3 Qa5 18. Nf5 Bxf5 19. gxf5 b5 20. Bxg5 fxg5 21. Qxg5 Nbd7 22. Rh6 b4 23. Rh8+ Kf7 24. Bh5+ 1-0

[Event "*** Titled Tuesday Blitz"]
[Site "Chess.com"]
[Date "2020.05.19"]
[Round "5"]
[White "CarlosjPineror"]
[Black "FMalexhdez"]
[Result "0-1"]
[WhiteElo "2338"]
[BlackElo "2060"]
[TimeControl "180+1"]
[EndTime "12:54:10 PDT"]
[Termination "FMalexhdez won by resignation"]

1. e4 c5 2. Nf3 d6 3. d4 cxd4 4. Nxd4 Nf6 5. Nc3 a6 6. Bg5 e6 7. f4 Nbd7 8. Qe2 Qc7 9. O-O-O Be7 10. g4 b5 11. Bg2 Bb7 12. e5 dxe5 13. fxe5 Nd5 14. Bxe7 Nxc3 15. bxc3 Kxe7 16. Bxb7 Qxb7 17. Rhf1 Rac8 18. Qe3 h6 19. g5 Nc5 20. Qf4 Ke8 21.
g6 fxg6 22. Qg4 Qe4 23. Qxe4 Nxe4 24. Nxe6 Ke7 25. Nxg7 Rhg8 26. e6 Nd6 27. Rxd6 Kxd6 28. Rf7 Rc7 0-1

[Event "*** Titled Tuesday Blitz"]
[Site "Chess.com"]
[Date "2020.05.19"]
[Round "5"]
[White "Grandmaster2B"]
[Black "mfwagnerpeixoto"]
[Result "1-0"]
[WhiteElo "2399"]
[BlackElo "2224"]
[TimeControl "180+1"]
[EndTime "12:54:14 PDT"]
[Termination "Grandmaster2B won by resignation"]

1. e4 c5 2. Nf3 e6 3. d4 cxd4 4.
Nxd4 a6 5. c4 Nf6 6. Nc3 Nc6 7.
a3 d6 8. Be2 Be7 9. O-O O-O 10.
f4 Qc7 11. Be3 Bd7 12. Rc1 Nxd4 13. Bxd4 Qb8 14. Bf3 Bc6 15. Qe2 Rd8 16. g4 e5 17.
Be3 exf4 18. Bxf4 Nd7 19. Nd5 Bxd5 20. exd5 Ne5 21. Bxe5 dxe5 22. Be4 Bc5+ 23. Kh1 Bd4 24. c5 Qc7 25. b4 a5 26. Qf3 Rf8 27. d6 Qd7 28. Bxb7 Rab8 29. c6 Qxd6 30. c7 Rxb7 31. c8=Q 1-0

[Event "*** Titled Tuesday Blitz"]
[Site "Chess.com"]
[Date "2020.05.19"]
[Round "5"]
[White "CMS13"]
[Black "kasparicy"]
[Result "0-1"]
[WhiteElo "2195"]
[BlackElo "2412"]
[TimeControl "180+1"]
[EndTime "12:54:20 PDT"]
[Termination "kasparicy won by checkmate"]

1. e4 c5 2. Nc3 Nc6 3. Bb5 Nd4 4. Nf3 a6 5. Bd3 d6 6. O-O Nf6 7. Nxd4 cxd4 8. Ne2 e5 9. c3 dxc3 10. bxc3 b5 11. Bc2 Bb7 12. d3 Be7 13. f4 O-O 14.
Qe1 Rc8 15. Qg3 exf4 16. Bxf4 d5 17. e5 Nh5 18. Qg4 Nxf4 19. Qxf4 d4 20. Nxd4 Rxc3 21. Bb3 Bc5 22. Bxf7+ Kh8 23. Kh1 Qxd4 24. Qf5 Rc2 25. Rf3 Bxf3 26. gxf3 Qf2 27. Qh5 Qg2# 0-1